 Dungeon Crawl Stone Soup version 0.30-b1-2-g02819fbbbe (webtiles) character file.

Game seed: 13758147885666997021

125492 MrClown the Eclecticist (level 16, 0/132 HPs)
             Began as a Demonspawn Necromancer on Nov 8, 2023.
             Was the Champion of Kikubaaqudgha.
             Slain by a salamander (glowing shapeshifter) (11 damage)
             ... on level 15 of the Dungeon.
             The game lasted 01:58:17 (34045 turns).

MrClown the Eclecticist (Demonspawn Necromancer)   Turns: 34045, Time: 01:58:18

Health: 0/132      AC: 14    Str: 11      XL:     16   Next: 41%
Magic:  2/37       EV: 18    Int: 19 (23) God:    Kikubaaqudgha [******]
Gold:   1523       SH:  0    Dex: 17      Spells: 1/45 levels left

rFire   . . .        S - +7 dagger "Impslayer" {venom, rPois MP+9 Str+2}
rCold   . . .        (no shield)
rNeg    . . .        I - +0 robe {Archmagi}
rPois   +            e - +0 helmet
rElec   .            E - +1 cloak
rCorr   .            l - +1 pair of gloves {hurl}
SInv    +            (boots unavailable)
Will    +....        D - amulet of regeneration
Stlth   +++          s - ring of see invisible
HPRegen 1.22/turn    q - ring of Virtue {Fly rPois AC+4}
MPRegen 0.25/turn

%: archmagi
@: flying, studying Ice Magic
A: hooves 3, yellow scales 2, foul stench 2, icemail 2, condensation shield,
thin skeletal structure 1, deterioration 1, low MP 2, MP-powered wands
a: Renounce Religion, Unearth Wretches, Torment


You were on level 15 of the Dungeon.
You worshipped Kikubaaqudgha.
Kikubaaqudgha was exalted by your worship.
You visited 4 branches of the dungeon, and saw 23 of its levels.
You also visited: Sewer, Gauntlet and Ice Cave.

You collected 3166 gold pieces.
You spent 1643 gold pieces at shops.

Inventory:

Hand Weapons
 b - a +5 heavy flail
 S - the +7 dagger "Impslayer" (weapon) {venom, rPois MP+9 Str+2}
   (You found it on level 1 of the Lair of Beasts)

   Str:       It affects your strength (+2).
   rPois:     It protects you from poison.
   MP:        It affects your magic capacity (+9).
Armour
 a - +0 steam dragon scales
 e - a +0 helmet (worn)
 l - a +1 pair of gloves of hurling (worn)
 E - a +1 cloak (worn)
 I - a +0 robe of the Archmagi (worn)
Jewellery
 m - a ring of magical power
 q - the ring of Virtue (right hand) {Fly rPois AC+4}
   (You acquired it on level 5 of the Lair of Beasts)

   [ring of protection]

   AC:        It affects your AC (+4).
   rPois:     It protects you from poison.
   Fly:       It grants you flight.
 s - a ring of see invisible (left hand)
 z - a +6 ring of intelligence
 A - a ring of wizardry
 C - a ring of protection from cold
 D - an amulet of regeneration (around neck)
 J - a ring of resist corrosion
 T - the ring of Kopuzut {Ice Int+2 Dex+4}
   (You found it in a Gauntlet)

   [ring of ice]

   It enhances your ice magic.
   Int:       It affects your intelligence (+2).
   Dex:       It affects your dexterity (+4).
   rF:        It makes you vulnerable to fire.
   rC:        It protects you from cold.
 U - a ring of wizardry
 W - a +6 ring of intelligence
 Y - a +4 ring of protection
Wands
 y - a wand of iceblast (10)
 B - a wand of digging (12)
 Q - a wand of paralysis (16)
Scrolls
 d - a scroll of silence
 g - 2 scrolls of fear
 h - 2 scrolls of enchant armour
 i - 3 scrolls of poison
 j - 5 scrolls of vulnerability
 k - 9 scrolls of teleportation
 p - 4 scrolls of torment
 r - a scroll of summoning
 v - 10 scrolls of fog
 G - 3 scrolls of blinking
 K - 4 scrolls of identify
 L - 4 scrolls of immolation
 P - 3 scrolls of amnesia
 Z - a scroll of enchant weapon
Potions
 c - a potion of brilliance
 f - 6 potions of lignification
 o - 17 potions of curing
 t - 6 potions of attraction
 u - a potion of berserk rage
 w - a potion of resistance
 x - 3 potions of haste
 F - 4 potions of might
 H - 2 potions of magic
 M - 4 potions of mutation
 N - a potion of experience {unknown}
 O - 2 potions of ambrosia
 R - 3 potions of cancellation
 V - 2 potions of heal wounds
 X - 2 potions of flight
Miscellaneous
 n - a lightning rod (4/4)


   Skills:
 + Level 13.9 Fighting
 - Level 10.0 Dodging
 - Level 1.7 Stealth
 - Level 15.0 Spellcasting
 - Level 10.0 Summonings
 - Level 13.0 Necromancy
 - Level 3.0 Translocations
 - Level 7.0 Earth Magic
 - Level 9.0 Evocations


You had one spell level left.
You knew the following spells:

 Your Spells              Type           Power      Damage    Failure   Level
a - Blink                 Tloc           76%        N/A       1%          2
b - Vampiric Draining     Necr           77%        2d11      1%          3
c - Animate Dead          Necr           77%        N/A       1%          4
d - Agony                 Necr           77%        N/A       1%          5
e - Dispel Undead         Necr           77%        3d25      1%          4
f - Death Channel         Necr           38%        N/A       3%          6
g - Lee's Rapid Deconstr  Erth           28%        3d15*     7%          5
h - Infestation           Necr           38%        N/A       80%         8
i - Haunt                 Necr/Summ      36%        N/A       32%         7

Your spell library contained the following spells:

 Spells                   Type           Power      Damage    Failure   Level
 Apportation              Tloc           76%        N/A       1%          1
 Kiss of Death            Conj/Necr      100%       2d13      1%          1
 Necrotise                Necr           100%       1d9       1%          1
 Sandblast                Erth           100%       2d20      1%          1
 Magic Dart               Conj           84%        1d7       4%          1
 Sting                    Tmut/Pois      84%        1d7       4%          1
 Call Imp                 Summ           100%       N/A       1%          2
 Cigotuvi's Dreadful Rot  Necr/Pois/Air  92%        N/A       1%          2
 Passwall                 Tmut/Erth      34%        N/A       1%          2
 Call Canine Familiar     Summ           68%        N/A       1%          3
 Stone Arrow              Conj/Erth      82%        3d12      3%          3
 Anguish                  Hex/Necr       27%        N/A       3%          4
 Summon Ice Beast         Ice/Summ       49%        N/A       5%          4
 Poisonous Vapours        Pois/Air       42%        N/A       7%          2
 Searing Ray              Conj           42%        2d6       7%          2
 Portal Projectile        Hex/Tloc       58%        N/A       7%          3
 Volatile Blastmotes      Fire/Tloc      58%        2d14      7%          3
 Summon Forest            Summ/Tloc      27%        N/A       9%          5
 Leda's Liquefaction      Hex/Erth       20%        N/A       11%         4
 Dazzling Flash           Conj/Hex       42%        N/A       13%         3
 Frozen Ramparts          Ice            42%        1d7       13%         3
 Mephitic Cloud           Conj/Pois/Air  21%        N/A       13%         3
 Tukima's Dance           Hex            21%        N/A       13%         3
 Manifold Assault         Tloc           38%        N/A       13%         4
 Iskenderun's Mystic Bla  Conj/Tloc      29%        2d7       24%         4
 Fulminant Prism          Conj/Hex       10%        3d8       41%         4
 Ice Form                 Ice/Tmut       21%        N/A       41%         4
 Olgreb's Toxic Radiance  Pois           21%        N/A       41%         4
 Summon Hydra             Summ           34%        N/A       52%         7
 Alistair's Intoxication  Tmut/Pois      14%        N/A       77%         5
 Blade Hands              Tmut           10%        N/A       77%         5
 Freezing Cloud           Conj/Ice/Air   10%        6-21      77%         5
 Irradiate                Conj/Tmut      10%        3d15      77%         5
 Borgnjor's Revivificati  Necr           38%        N/A       80%         8
 Statue Form              Tmut/Erth      27%        N/A       85%         6
 Dispersal                Tloc           19%        N/A       89%         6
 Eringya's Noxious Bog    Tmut/Pois      10%        N/A       100%        6
 Enfeeble                 Hex            10%        N/A       100%        7
 Storm Form               Tmut/Air       10%        N/A       100%        7
 Disjunction              Tloc           19%        N/A       100%        8
 Necromutation            Tmut/Necr      27%        N/A       100%        8
 Death's Door             Necr           38%        N/A       100%        9


Dungeon Overview and Level Annotations

Branches:
Dungeon (15/15)            Temple (1/1) D:4            Lair (5/5) D:9
 Shoals (0/4) Lair:3       Spider (0/4) Lair:3        Slime (0/5) Lair:5
    Orc (2/2) D:10            Elf (0/3) Orc:2        Vaults (0/5) D:13
 Depths (0/4) D:15          Sewer (visited)           IceCv (visited)
Gauntlet (visited)

Altars:
Cheibriados
Dithmenos
Fedhas
Gozag
Hepliaklqana
Kikubaaqudgha
Nemelex Xobeh
Qazlal
Ru
Sif Muna
Trog
Vehumet
Wu Jian
Yredelemnul

Shops:
D:1 (   D:2 [   D:5 :   D:13 :   D:14 *   Orc:2 :*(!

Portals:
Pandemonium: Orc:2

Annotations:
D:3 3 runed translucent doors, 1 exclusion, othur's ghost, amateur GrFi
D:10 3 runed translucent doors


Innate Abilities, Weirdness & Mutations

You have hooves in place of feet.
You are mostly covered in yellow scales. (AC +3)
You sometimes emit foul miasma when damaged in melee.
A meltable icy envelope protects you from harm. (AC +0)
A meltable shield of frost defends you. (SH +0)
You have a somewhat thin skeletal structure. (Dex +2, Stealth+)
Your body sometimes deteriorates upon taking damage.
Your magical capacity is very low. (-20% MP)
You expend magic power (3 MP) to strengthen your wands.


Message History

The blast of flame engulfs you but does no damage.
Your icy defences dissipate!
Unknown command.
You puncture the fire crab!
The fire crab is poisoned.
You kick the fire crab.
The fire crab is heavily wounded.
You are engulfed in blazing flames.
The fire crab changes into a komodo dragon!
Unknown command.
You hit the komodo dragon.
The komodo dragon is poisoned.
The komodo dragon is severely wounded.
You are engulfed in blazing flames.
The komodo dragon changes into a salamander!
You hit the salamander.
The salamander is poisoned.
You kick the salamander, but do no damage.
The salamander is heavily wounded.
You are engulfed in blazing flames.
* * * LOW HITPOINT WARNING * * *
You barely miss the salamander.
The salamander is heavily wounded.
You are engulfed in blazing flames.
* * * LOW HITPOINT WARNING * * *
The salamander hits you but does no damage.
Unknown command.
Casting: Lee's Rapid Deconstruction (dangerous; 7% risk of failure)
Confirm with . or Enter, or press ? or * to list all spells.
Okay, then.
You hit the salamander.
The salamander looks as sick as possible!
Your kick misses the salamander.
The salamander is heavily wounded.
The salamander hits you but does no damage.
Unknown command.
You hit the salamander but do no damage.
You kick the salamander, but do no damage.
The salamander is heavily wounded.
The salamander hits you.
* * * LOW HITPOINT WARNING * * *
You are engulfed in flames!
You die...
Kikubaaqudgha rasps: "You have failed me!
Welcome... death!"

##.#...######..##################
...#..........................Z..
##.#...........#################.
.#.#....###.###### #.
Z#.#...##,###..#.## #.
.#.#)..#,,,*#.....# #)
...#..##,,,,#)##)## #.
####..#>,,,.J,##N.# #.
......##,...*##.@.# #.
####...#...**#..### #.
...#...##.**##.##*******########.
.#.#...<#####...##....,,.........
Z#.#.......#.....#...,,,.........
.#.#.#..####.....#..#***#########
##.#.#..# ##...##..# # ...#.#..#
##.##...# # ##.#.#..# ##'##.<.# #


You could see a salamander shaped shifter (extremely poisoned).

Vanquished Creatures
  Rupert (Lair:5)
  A very ugly thing (D:15)
  A white draconian (IceCv)
  A fire dragon (Lair:5)
  2 rakshasas (D:15)
  2 ice dragons (IceCv)
  4 hydras
  4 ironbound frosthearts (IceCv)
  3 demonspawn (Orc:2)
  2 dancing weapons (D:13)
  2 two-headed ogres
  A death yak (Lair:3)
  3 boulder beetles
  A centaur warrior (D:14)
  3 orc high priests (Orc:2)
  A sun demon (Gauntlet)
  Amaemon (Lair:1)
  4 skeletal warriors
  2 skysharks (Lair:3)
  A glowing orange brain (D:15)
  A wretched star (Gauntlet)
  6 orc knights
  2 orange crystal statues
  A wizard (D:15)
  6 lindwurms
  A deep elf pyromancer (D:12)
  7 orc sorcerers (Orc:2)
  15 ugly things
  4 cyclopes
  3 manticores
  A black mamba (shapeshifter) (D:14)
  4 torpor snails
  4 slime creatures
  9 elephants
  5 black mambas
  4 gargoyles
  An unseen horror (shapeshifter) (D:14)
  3 cane toads
  An unseen horror (D:11)
  2 kobold demonologists (D:13)
  Maggie (D:7)
  An orange demon (Lair:1)
  7 komodo dragons
  5 yaktaurs (D:15)
  16 rime drakes
  A hellion (Gauntlet)
  A tyrant leech (Lair:5)
  20 polar bears
  A troll (shapeshifter) (D:14)
  7 trolls
  A wind drake (Gauntlet)
  Prince Ribbit (D:7)
  2 raiju
  13 blink frogs
  9 hornets
  A snapping turtle (Lair:3)
  A culicivora (Lair:3)
  A shadow (D:15)
  7 wyverns
  29 yaks
  A fire elemental (D:13)
  2 basilisks
  7 steam dragons
  3 neqoxecs
  3 chaos spawn (Gauntlet)
  Menkaure (D:4)
  Edmund (D:5)
  6 wargs
  An acid dragon (D:12)
  13 water moccasins
  10 hell hounds
  A meliai simulacrum (D:15)
  An ice beast (D:5)
  2 sky beasts
  9 black bears
  5 boggarts (D:15)
  35 orc warriors
  9 wolves
  5 ogres
  4 centaurs
  A phantom (D:4)
  5 kobold brigands
  A gnoll sergeant (D:5)
  9 bullfrogs
  4 scorpions
  A wyvern zombie (D:7)
  9 wights
  A yak zombie (Lair:1)
  5 killer bees (D:9)
  An electric eel (Lair:5)
  8 howler monkeys
  A gnoll bouda (D:4)
  A hound (D:7)
  26 orc priests
  3 jellies
  4 iguanas
  A sleepcap (D:5)
  15 orc wizards
  17 gnolls
  A steam dragon zombie (D:7)
  8 adders
  3 white imps
  3 ufetubi
  2 orc zombies (D:7)
  A dart slug (D:1)
  5 worms
  63 orcs
  6 ball pythons
  7 endoplasms
  2 giant cockroaches
  8 hobgoblins
  6 jackals
  9 quokkas
  2 bats
  6 frilled lizards
  2 goblins
  31 kobolds
  8 rats
650 creatures vanquished.

Vanquished Creatures (collateral kills)
  A shard shrike (IceCv)
  Azrael (D:13)
  A minotaur (Gauntlet)
  A boulder beetle (D:14)
  4 hydras
  2 centaur warriors (D:14)
  3 death yaks (Lair:3)
  Urug (Lair:5)
  An orc high priest (Orc:2)
  A sixfirhy (Orc:2)
  2 lindwurms (Lair:5)
  2 ugly things
  An orc sorcerer (Orc:2)
  A manticore (D:14)
  2 cyclopes (D:14)
  2 black mambas
  12 elephants
  2 torpor snails (Lair:5)
  A cane toad (Lair:4)
  An orange demon (Orc:2)
  3 rime drakes (IceCv)
  An ice devil (Orc:2)
  A komodo dragon (Lair:5)
  9 polar bears
  2 tyrant leeches (Lair:5)
  A wind drake (shapeshifter) (D:15)
  7 blink frogs
  3 hornets (Lair:5)
  2 culicivoras (Lair:3)
  A ynoxinul (Orc:2)
  A basilisk (Lair:2)
  8 yaks
  2 fire elementals (D:13)
  6 wargs
  3 water moccasins
  7 hell hounds (Lair:5)
  3 orc warriors (Orc:2)
  5 black bears
  An ogre (Orc:1)
  9 wolves
  A bullfrog (Lair:2)
  A yak zombie (D:10)
  A polar bear zombie (Lair:5)
  An electric eel (Lair:5)
  7 orc priests
  2 orc wizards
  31 orcs
  2 ball pythons (D:1)
  A kobold (D:11)
  A rat (D:2)
  A butterfly (Lair:2)
  A plant (Lair:5)
167 creatures vanquished.

Vanquished Creatures (others)
  A death yak (Gauntlet)
  An ugly thing zombie (IceCv)
  An elephant (Gauntlet)
  A death yak zombie (Lair:3)
  A rime drake (IceCv)
  3 hydra zombies
  3 black mamba zombies
  A tyrant leech zombie (Lair:5)
  A cane toad zombie (Lair:3)
  A water moccasin (Lair:3)
  An orc warrior (Orc:2)
  2 hornet zombies
  6 blink frog zombies
  8 elephant zombies
  2 komodo dragon zombies
  4 rime drake zombies (IceCv)
  A torpor snail zombie (Lair:5)
  2 hell hound zombies
  4 water moccasin zombies
  3 warg zombies
  10 yak zombies
  6 polar bear zombies
  A wolf zombie (Lair:5)
  3 bullfrog zombies
  2 centaur zombies
  7 black bear zombies
  An orc wizard (Orc:2)
  A steam dragon zombie (Lair:3)
  75 orc zombies
  6 kobold zombies (D:11)
  65 fungi
  124 plants
348 creatures vanquished.

Grand Total: 1165 creatures vanquished

Notes
Turn   | Place    | Note
-------+----------+-------------------------------------------
     0 | D:1      | MrClown the Demonspawn Necromancer began the quest for the
                  | Orb.
     0 | D:1      | Reached XP level 1. HP: 13/13 MP: 3/3
   336 | D:1      | Gained mutation: A meltable shield of frost defends you.
                  | (SH +0) [demonic ancestry]
   336 | D:1      | Reached XP level 2. HP: 19/19 MP: 3/5
   598 | D:1      | Reached skill level 3 in Spellcasting
   729 | D:1      | Found Ryzisch's Weapon Boutique.
  1053 | D:1      | Gained mutation: You have large cloven feet. [demonic
                  | ancestry]
  1053 | D:1      | Reached XP level 3. HP: 22/24 MP: 2/7
  1329 | D:2      | Noticed a scorpion
  1337 | D:2      | Killed a scorpion
  1338 | D:2      | Reached skill level 4 in Spellcasting
  1338 | D:2      | Gained mutation: You have hoof-like feet. [demonic
                  | ancestry]
  1338 | D:2      | Reached XP level 4. HP: 30/30 MP: 3/10
  1342 | D:2      | Learned a level 3 spell: Vampiric Draining
  1347 | D:2      | Learned a level 4 spell: Animate Dead
  2035 | D:2      | Found Guunoal's Antique Armour Shoppe.
  2216 | D:3      | Gained mutation: You may rarely emit foul miasma when
                  | damaged in melee. [demonic ancestry]
  2216 | D:3      | Reached XP level 5. HP: 29/35 MP: 1/12
  2356 | D:3      | Found an opulent altar of Gozag.
  2393 | D:3      | Reached skill level 5 in Spellcasting
  2696 | D:3      | Found a runed translucent gate.
  2696 | D:3      | Found a runed translucent gate.
  2696 | D:3      | Found a runed translucent gate.
  2696 | D:3      | Noticed othur's ghost (amateur GrFi)
  2988 | D:3      | Found a hazy altar of Hepliaklqana.
  3109 | D:3      | Reached skill level 5 in Necromancy
  3206 | D:4      | Found a staircase to the Ecumenical Temple.
  3212 | Temple   | Entered the Ecumenical Temple
  3255 | Temple   | Became a worshipper of Kikubaaqudgha
  3306 | D:4      | Noticed a phantom
  3326 | D:4      | Noticed Menkaure
  3401 | D:4      | Found a glowing drain.
  3413 | Sewer    | Entered a sewer
  3554 | Sewer    | Noticed a water moccasin
  3562 | Sewer    | Killed a water moccasin
  3563 | Sewer    | Reached XP level 6. HP: 38/41 MP: 0/13
  3884 | D:4      | Killed Menkaure
  3943 | D:4      | Reached XP level 7. HP: 46/46 MP: 10/14
  4841 | D:5      | Entered Level 5 of the Dungeon
  4850 | D:5      | Learned a level 5 spell: Agony
  5165 | D:5      | Reached skill level 1 in Fighting
  5269 | D:5      | Found Ciezxuc's Book Shoppe.
  5300 | D:5      | Noticed Edmund
  5314 | D:5      | Killed Edmund
  5315 | D:5      | Gained mutation: A meltable icy envelope protects you from
                  | harm. (AC +0) [demonic ancestry]
  5315 | D:5      | Reached XP level 8. HP: 19/57 MP: 8/15
  5543 | D:5      | Reached * piety under Kikubaaqudgha
  5543 | D:5      | Received a gift from Kikubaaqudgha
  6093 | D:6      | Reached skill level 5 in Fighting
  6505 | D:2      | Bought a cloak for 76 gold pieces
  6823 | D:6      | Noticed a hornet
  6830 | D:6      | Killed a hornet
  6831 | D:6      | Reached skill level 6 in Spellcasting
  7188 | D:6      | Reached skill level 7 in Spellcasting
  7416 | D:6      | Gained mutation: You are partially covered in yellow
                  | scales. (AC +2) [demonic ancestry]
  7416 | D:6      | Reached XP level 9. HP: 43/68 MP: 18/20
  7636 | D:6      | Found a basalt altar of Yredelemnul.
  7636 | D:6      | Found an ornate altar of the Wu Jian Council.
  7637 | D:6      | Found a snail-covered altar of Cheibriados.
  7988 | D:7      | Noticed Prince Ribbit
  7994 | D:7      | Killed Prince Ribbit
  8033 | D:7      | Reached skill level 8 in Spellcasting
  8434 | D:7      | Reached ** piety under Kikubaaqudgha
  8833 | D:7      | Reached skill level 9 in Spellcasting
  9172 | D:7      | Noticed a troll
  9187 | D:7      | Reached skill level 10 in Spellcasting
  9187 | D:7      | Reached skill level 1 in Evocations
  9361 | D:7      | Noticed Maggie
  9368 | D:7      | Killed Maggie
  9369 | D:7      | Gained mutation: You are mostly covered in yellow scales.
                  | (AC +3) [demonic ancestry]
  9369 | D:7      | Reached XP level 10. HP: 74/74 MP: 9/24
  9576 | D:7      | Reached *** piety under Kikubaaqudgha
  9576 | D:7      | Received a gift from Kikubaaqudgha
  9789 | D:7      | Learned a level 4 spell: Dispel Undead
  9796 | D:7      | Learned a level 6 spell: Death Channel
  9802 | D:7      | Learned a level 5 spell: Lee's Rapid Deconstruction
  9983 | D:8      | Reached skill level 5 in Evocations
 10911 | D:9      | Found a staircase to the Lair.
 11202 | D:9      | Reached skill level 1 in Earth Magic
 11844 | D:10     | Entered Level 10 of the Dungeon
 11947 | D:10     | Found a runed translucent door.
 11958 | D:10     | Found a staircase to the Orcish Mines.
 11981 | D:10     | Found a runed translucent door.
 12029 | D:10     | Reached XP level 11. HP: 29/79 MP: 2/25
 12192 | D:10     | Noticed a two-headed ogre
 12197 | D:10     | Killed a two-headed ogre
 12198 | D:10     | Reached skill level 5 in Earth Magic
 12811 | D:10     | Found a runed translucent door.
 12823 | D:10     | Found a runed translucent door.
 12828 | D:10     | Noticed an orange crystal statue
 12885 | D:10     | Killed an orange crystal statue
 12975 | Lair:1   | Entered Level 1 of the Lair of Beasts
 13011 | Lair:1   | Reached **** piety under Kikubaaqudgha
 13155 | Lair:1   | Identified the +7 dagger "Impslayer" {venom, rPois MP+9
                  | Str+2}
 13447 | Lair:1   | Noticed Amaemon
 13456 | Lair:1   | Reached skill level 5 in Dodging
 13457 | Lair:1   | Killed Amaemon
 14636 | Lair:1   | Gained mutation: You have hooves in place of feet. [demonic
                  | ancestry]
 14636 | Lair:1   | Reached XP level 12. HP: 79/86 MP: 26/26
 14922 | Lair:2   | Gained mutation: You occasionally lose the ability to read
                  | scrolls when taking damage. [potion of mutation]
 14922 | Lair:2   | Gained mutation: You possess an exceptional clarity of
                  | mind. [potion of mutation]
 14926 | Lair:2   | Paralysed by a hornet for 3 turns
 16168 | Lair:3   | Noticed a seven-headed hydra
 16179 | Lair:3   | Killed a seven-headed hydra
 16180 | Lair:3   | Reached skill level 10 in Dodging
 16205 | Lair:3   | Lost mutation: You occasionally lose the ability to read
                  | scrolls when taking damage. [potion of mutation]
 16205 | Lair:3   | Lost mutation: You possess an exceptional clarity of mind.
                  | [potion of mutation]
 16205 | Lair:3   | Gained mutation: Your flesh is cold resistant. (rC+)
                  | [potion of mutation]
 16205 | Lair:3   | Gained mutation: Armour fits poorly on your strangely
                  | shaped body. [potion of mutation]
 16205 | Lair:3   | Gained mutation: Your body sometimes deteriorates upon
                  | taking damage. [potion of mutation]
 16205 | Lair:3   | Gained mutation: Your natural rate of healing is unusually
                  | fast. [potion of mutation]
 16206 | Lair:3   | Lost mutation: Your natural rate of healing is unusually
                  | fast. [potion of mutation]
 16206 | Lair:3   | Lost mutation: Your flesh is cold resistant. (rC+) [potion
                  | of mutation]
 16206 | Lair:3   | Lost mutation: Armour fits poorly on your strangely shaped
                  | body. [potion of mutation]
 16206 | Lair:3   | Gained mutation: You expend magic power (3 MP) to
                  | strengthen your wands. [potion of mutation]
 16206 | Lair:3   | Gained mutation: You have a somewhat thin skeletal
                  | structure. (Dex +2, Stealth+) [potion of mutation]
 16372 | Lair:3   | Noticed a five-headed hydra
 16373 | Lair:3   | Noticed a death yak
 16374 | Lair:3   | Noticed a death yak
 16379 | Lair:3   | Noticed a death yak
 16380 | Lair:3   | Noticed a death yak
 16386 | Lair:3   | Killed a five-headed hydra
 16393 | Lair:3   | Killed a death yak
 16397 | Lair:3   | Killed a death yak
 16397 | Lair:3   | Killed a death yak
 16400 | Lair:3   | Killed a death yak
 16976 | Lair:3   | Reached XP level 13. HP: 72/101 MP: 24/27
 17112 | Lair:3   | Reached skill level 10 in Fighting
 17119 | Lair:3   | Found a hole to the Spider Nest.
 17247 | Lair:3   | Found a staircase to the Shoals.
 18110 | Lair:4   | Reached skill level 10 in Necromancy
 18591 | Lair:4   | Identified the +4 ring mail of Cuilisti {-Tele Harm Rampage
                  | rElec}
 19166 | Lair:5   | Entered Level 5 of the Lair of Beasts
 19495 | Lair:5   | Noticed Rupert
 19521 | Lair:5   | Killed Rupert
 19787 | Lair:5   | Reached ***** piety under Kikubaaqudgha
 19823 | Lair:5   | Reached skill level 11 in Spellcasting
 19836 | Lair:5   | Noticed Urug
 19849 | Lair:5   | Killed Urug
 19980 | Lair:5   | Found a staircase to the Slime Pits.
 20045 | Lair:5   | Found a runed translucent door.
 20046 | Lair:5   | Noticed a fire dragon
 20063 | Lair:5   | Killed a fire dragon
 20064 | Lair:5   | Gained mutation: You sometimes emit foul miasma when
                  | damaged in melee. [demonic ancestry]
 20064 | Lair:5   | Reached XP level 14. HP: 60/110 MP: 13/29
 20499 | Lair:5   | Paralysed by a hornet for 3 turns
 20503 | Lair:5   | Reached skill level 12 in Spellcasting
 21237 | Lair:5   | Reached skill level 13 in Spellcasting
 21816 | Lair:5   | Identified a scroll of acquirement
 21816 | Lair:5   | Acquired the ring of Virtue {Fly rPois AC+4}
 21961 | Orc:1    | Entered Level 1 of the Orcish Mines
 22117 | Orc:2    | Entered Level 2 of the Orcish Mines
 22157 | Orc:2    | Found a staircase to the Elven Halls.
 22398 | Orc:2    | Reached ****** piety under Kikubaaqudgha
 22900 | Orc:2    | Reached skill level 14 in Spellcasting
 22912 | Orc:2    | Found Azisoysao's General Store.
 22919 | Orc:2    | Found Offaq's Distillery.
 23238 | Orc:2    | Bought a potion of curing for 54 gold pieces
 23238 | Orc:2    | Bought a potion of mutation for 144 gold pieces
 23238 | Orc:2    | Bought a scroll of identify for 36 gold pieces
 23238 | Orc:2    | Bought a scroll of teleportation for 54 gold pieces
 23240 | Orc:2    | Bought a potion of curing for 39 gold pieces
 23240 | Orc:2    | Bought a potion of mutation for 104 gold pieces
 23240 | Orc:2    | Bought a potion of heal wounds for 65 gold pieces
 23240 | Orc:2    | Bought a potion of heal wounds for 65 gold pieces
 23881 | Orc:2    | Reached skill level 15 in Spellcasting
 23881 | Orc:2    | Received a gift from Kikubaaqudgha
 23891 | Orc:2    | Learned a level 8 spell: Infestation
 23899 | Orc:2    | Learned a level 7 spell: Haunt
 24138 | Orc:2    | Paralysed by an orc sorcerer for 2 turns
 24144 | Orc:2    | Reached skill level 1 in Summonings
 24338 | Orc:2    | Found Gusagergh's Book Shoppe.
 24338 | Orc:2    | Found Intaru's Antique Weapon Emporium.
 24339 | Orc:2    | Found a one-way gate leading to the halls of Pandemonium.
 24345 | Orc:2    | Reached XP level 15. HP: 81/108 MP: 17/34
 24347 | Orc:2    | Bought a book of Geomancy for 234 gold pieces
 25623 | D:5      | Bought an Inescapable Atlas for 480 gold pieces
 25642 | D:6      | Learned a level 2 spell: Blink
 26124 | D:11     | Reached skill level 5 in Summonings
 27525 | D:13     | Noticed Azrael
 27533 | D:13     | Killed Azrael
 27538 | D:13     | Found Foehuar's Book Shop.
 27538 | D:13     | Noticed a walking earthen tome
 27540 | D:13     | Noticed a walking crystal tome
 27988 | D:13     | Found a gate to the Vaults.
 28511 | D:14     | Found a frozen archway.
 28517 | D:14     | Found Bappowofra's General Store.
 28519 | IceCv    | Entered an ice cave
 29057 | IceCv    | Identified the +1 halberd of the Countless Souls {speed,
                  | rF+ Dex+3}
 29443 | IceCv    | Reached skill level 10 in Summonings
 29647 | IceCv    | Reached skill level 1 in Translocations
 30191 | IceCv    | Noticed a shard shrike
 30199 | IceCv    | Killed a shard shrike
 30679 | IceCv    | Identified the +5 flail of Omamoh {flame, rN+ rCorr}
 31160 | D:14     | Bought a scroll of blinking for 112 gold pieces
 31160 | D:14     | Bought 3 scrolls of fog for 180 gold pieces
 31297 | D:14     | Identified the +1 quarterstaff of Xom's Pride {freeze, rF+
                  | rCorr}
 31318 | D:14     | Gained mutation: A meltable icy envelope protects you from
                  | harm. (AC +0) [demonic ancestry]
 31318 | D:14     | Reached XP level 16. HP: 127/127 MP: 28/35
 32155 | D:15     | Entered Level 15 of the Dungeon
 32167 | D:15     | Found an opulent altar of Gozag.
 32227 | D:15     | Found a gate leading to a gauntlet.
 32236 | Gauntlet | Entered a Gauntlet
 32236 | Gauntlet | Found a transporter.
 32247 | Gauntlet | Found a transporter.
 32248 | Gauntlet | Found a transporter.
 32249 | Gauntlet | Found a transporter.
 32256 | Gauntlet | Found a transporter.
 32259 | Gauntlet | Found a transporter.
 32260 | Gauntlet | Found a transporter.
 32271 | Gauntlet | Found a transporter.
 32271 | Gauntlet | Found a transporter.
 32272 | Gauntlet | Found a transporter.
 32280 | Gauntlet | Found a transporter.
 32283 | Gauntlet | Found a transporter.
 32284 | Gauntlet | Found a transporter.
 32293 | Gauntlet | Found a transporter.
 32386 | Gauntlet | Gained mutation: Your spells are a little easier to cast,
                  | but a little less powerful. [a neqoxec]
 32480 | Gauntlet | Identified the ring of Kopuzut {Ice Int+2 Dex+4}
 32640 | Gauntlet | Gained mutation: Your magical capacity is low. (-10% MP) [a
                  | neqoxec]
 32648 | Gauntlet | Gained mutation: Your magical capacity is very low. (-20%
                  | MP) [a neqoxec]
 32650 | Gauntlet | Lost mutation: Your spells are a little easier to cast, but
                  | a little less powerful. [a neqoxec]
 32656 | Gauntlet | Identified the +6 scimitar of Pootulykh {protect, rPois rF+
                  | rN+}
 32803 | Gauntlet | Identified the ring of Pyntuciyte {Fire rElec rPois Str+2}
 32818 | Gauntlet | Got the Atlas of the Stormy Volley
 33437 | D:15     | Found a shadowy altar of Dithmenos.
 34045 | D:15     | Slain by a salamander (glowing shapeshifter)

Illustrated notes

Levels and vault maps discovered:
D:1:      minmay_arrival_widening_spiral_wide, layout_loops_ring, serial_shops,
          nicolae_shop_bloodbath_and_beyond, nrook_loot_triangle,
          minmay_shallow_snake_nest
D:2:      layout_loops_ring, serial_shops, nicolae_shop_statue_plus
D:3:      layout_rooms, nicolae_overflow_hidden_temple, demons_altar,
          lemuel_doored_altar, ebering_ghost_rock_garden
D:4:      layout_basic, mainiacjoe_overflow_concentric_impassable,
          minmay_temple_entry_drinking_statues, portal_sewer_entry_b,
          uniq_menkaure
D:5:      layout_basic, serial_shops, nicolae_shop_tiny_glass, lightli_minifort,
          uniq_edmund
D:6:      layout_loops_corners, gammafunk_temple_overflow_claw,
          kennysheep_another_room, nicolae_eternal_life, minmay_misc_feat_alley,
          amcnicky_mini_corridor_feature
D:7:      cheibrodos_barr_body, layout_basic, uniq_prince_ribbit1, uniq_maggie
D:8:      layout_basic
D:9:      layout_loops_cross, due_lair_maze_entry_diamond
D:10:     layout_rooms, minmay_statue_crystal_thing
D:11:     layout_cave_pools
D:12:     layout_rooms, minivault_19
D:13:     layout_long_grid, erik_vaults_1, serial_shops,
          nicolae_shop_mannequins, uniq_azrael
D:14:     minmay_skewed_foursquare, layout_cave_pools, serial_shops,
          nicolae_shop_stone, chequers_avenue, portal_ice_cave_entry_pillars_2,
          minivault_22, corexii_checkpoint_a, grunt_decor_junction,
          evilmike_butchery
D:15:     gammafunk_enter_depths_forms, layout_long_grid,
          nicolae_gozag_seed_capital, gauntlet_entry_generic, roderic_lattice_a,
          grunt_dithmenos_shadows
Temple:   nicolae_temple_superstar
Lair:1:   layout_cave_pods, grunt_megastairs_1, serial_bayou_shore_b,
          uniq_amaemon
Lair:2:   layout_roguey, st_stairs_6, lemuel_fruit_fields,
          infiniplex_staircase_pool_2
Lair:3:   layout_regular_city, minmay_shoals_entry_hut,
          hellmonk_spider_entry_life_and_decay, minmay_lindwurm_lava,
          lemuel_fruit_fields, serial_bayou_shore_b, lemuel_fruit_tree
Lair:4:   layout_loops_ring, chequers_serial_rivers_small_a,
          hangedman_lair_unloving_vines
Lair:5:   wormcave, layout_small_grid, hangedman_lair_caniforms_friends,
          slime_entry_1, chequers_serial_rivers_micro_c,
          infiniplex_staircase_pool, serial_bayou_shore_a, uniq_urug,
          uniq_rupert
Orc:1:    layout_caves, minmay_orc_temple_a
Orc:2:    pf_orc_diabolical, layout_caves, basic_altar

Skill      XL: |  1  2  3  4  5  6  7  8  9 10 11 12 13 14 15 16 |
---------------+-------------------------------------------------+-----
Spellcasting   | 3 4 5 7 10 11 15 | 15.0
Necromancy     | 6 7 9 13 | 13.0
Fighting       | 2 5 9 10 11 13 | 13.9
Evocations     | 4 9 |  9.0
Earth Magic    | 4 7 |  7.0
Dodging        | 7 10 | 10.0
Summonings     | 2 10 | 10.0
Translocations | 3 |  3.0
Stealth        | |  1.7

Action                     |  1- 3 |  4- 6 |  7- 9 | 10-12 | 13-15 | 16-18 || total
---------------------------+-------+-------+-------+-------+-------+-------++-------
  Melee: Dagger            |     8 |    10 |       |    17 |   462 |    94 ||   591
         Kick              |     3 |     9 |     3 |    12 |   197 |    44 ||   268
         Whip              |       |    20 |     5 |       |       |       ||    25
         Flail             |       |       |    45 |   163 |       |       ||   208
         Punch             |       |       |     1 |     2 |     4 |       ||     7
  Throw: Throwing net      |       |       |     1 |       |       |       ||     1
         Dart              |       |       |       |       |     1 |       ||     1
   Cast: Necrotise         |    41 |   118 |   190 |    59 |    23 |       ||   431
         Vampiric Draining |       |     4 |    36 |   106 |   364 |    43 ||   553
         Agony             |       |       |     3 |     8 |    47 |     6 ||    64
         Animate Dead      |       |       |     1 |     6 |    21 |     2 ||    30
         Lee's Rapid Decon |       |       |       |    27 |   102 |    41 ||   170
         Death Channel     |       |       |       |     4 |    22 |     3 ||    29
         Blink             |       |       |       |       |     2 |     1 ||     3
         Haunt             |       |       |       |       |     1 |       ||     1
         Dispel Undead     |       |       |       |       |       |    10 ||    10
 Invoke: Unearth Wretches  |       |       |       |     1 |       |     1 ||     2
         Receive Forbidden |       |       |       |       |     1 |       ||     1
  Evoke: Wand              |       |     2 |     9 |     6 |     9 |     1 ||    27
         Lightning rod     |       |       |       |       |     4 |     1 ||     5
    Use: Scroll            |     2 |     3 |    12 |     8 |    13 |     1 ||    39
         Potion            |       |     2 |     1 |     9 |     4 |     2 ||    18
   Stab: Sleeping          |       |       |     1 |     6 |     4 |     1 ||    12
         Distracted        |       |       |       |     2 |     6 |       ||     8
         Paralysed         |       |       |       |     1 |    14 |     1 ||    16
 Armour: Robe              |       |     5 |    59 |   184 |   297 |    77 ||   622
  Dodge: Dodged            |     8 |    43 |   108 |   336 |   812 |   123 ||  1430
  Block: Other             |     2 |     8 |    27 |    64 |   174 |    23 ||   298
